Map: Triton LE

Players

Brami

  • Race: Terran Terran
  • Spawn Location: 5:00

MikeHawk - Winner!

  • Race: Terran Terran
  • League: Master
  • Spawn Location: 11:00

VOD

Have the link to the VOD?

Description

Time

  • Played on: Dec. 20, 2019, 11:12 a.m.
  • Length: 9:00
Show
View Real Time Build Order
Export as new Build Order

Brami Terran 

Build Orders: Gas First Reaper Expand 

Get SALT Encoding   

  12  0:01  SCV  
  13  0:13  SCV  
  14  0:19  Supply Depot  
  14  0:25  SCV  
  14  0:28  Refinery  
  15  0:40  SCV  
  16  0:44  Barracks  
  16  0:53  SCV  
  17  1:05  SCV  
  18  1:17  SCV  
  19  1:33  Orbital Command, Reaper  
  20  1:45  Command Center  
  20  1:55  Factory  
  20  1:59  Refinery  
  20  2:01  SCV  
  20  2:07  Barracks Reactor  
  21  2:13  SCV  
  22  2:18  Supply Depot  
  22  2:25  SCV  
  23  2:41  Hellion  
  23  2:42  Starport  
  25  2:44  SCV  
  25  2:45  Marine  
  25  2:46  Marine  
  26  2:56  SCV  
  27  3:05  Factory Tech Lab  
  27  3:08  Marine x2  
  27  3:09  SCV  
  30  3:14  Orbital Command  
  30  3:24  Viking  
  30  3:25  SCV  
  33  3:34  Siege Tank  
  33  3:37  SCV  
  33  3:40  SCV  
  38  3:49  SCV  
  38  3:52  SCV, Refinery  
  38  3:53  Supply Depot  
  40  3:58  Starport Tech Lab  
  40  4:01  SCV  
  41  4:04  SCV  
  41  4:06  Siege Tank  
  45  4:15  SCV  
  45  4:16  SCV  
  47  4:19  Raven  
  49  4:26  Marine  
  49  4:27  Marine  
  49  4:30  Command Center  
  51  4:32  SCV x2  
  53  4:39  Supply Depot  
  53  4:49  SCV  
  54  4:58  Supply Depot  
  54  5:01  SCV, Siege Tank  
  54  5:03  Supply Depot  
  54  5:04  Refinery  
  58  5:07  SCV  
  58  5:13  SCV  
  60  5:15  Viking  
  60  5:19  Viking, Marine  
  65  5:22  SCV  
  65  5:24  Supply Depot  
  65  5:25  SCV  
  65  5:27  Stimpack  
  67  5:32  Engineering Bay  
  67  5:33  Engineering Bay  
  67  5:35  SCV  
  68  5:37  SCV  
  68  5:39  Siege Tank  
  72  5:43  Orbital Command  
  72  5:49  Marine  
  73  5:52  SCV x2  
  73  5:56  Viking x2  
  77  6:06  Orbital Command, Terran Infantry Weapons Level 1, Terran Infantry Armor Level 1  
  77  6:07  SCV x2  
  77  6:10  Supply Depot  
  78  6:14  Supply Depot  
  78  6:19  Marine  
  78  6:20  Siege Tank  
  78  6:21  SCV x2  
  84  6:33  SCV  
  84  6:34  SCV  
  84  6:38  Barracks  
  86  6:40  Barracks, Marine  
  86  6:41  SCV  
  86  6:46  SCV x2  
  90  6:48  Supply Depot  
  90  6:52  Siege Tank  
  93  6:56  SCV, Supply Depot  
  93  6:57  Supply Depot  
  93  6:58  SCV x2  
  93  7:00  Medivac x2, Refinery x2  
  100  7:03  Marine  
  101  7:09  SCV  
  101  7:10  SCV  
  101  7:12  Combat Shield  
  101  7:14  SCV  
  104  7:18  Armory  
  104  7:21  SCV  
  104  7:22  SCV  
  106  7:26  SCV  
  106  7:28  Barracks, Barracks Reactor x2  
  107  7:30  Medivac x2  
  107  7:32  Barracks  
  107  7:33  SCV  
  107  7:34  SCV  
  113  7:37  Sensor Tower  
  113  7:38  SCV  
  113  7:42  Sensor Tower  
  114  7:45  SCV  
  114  7:46  SCV, Marine  
  114  7:51  Siege Tank  
  113  8:07  Marine x2  
  94  8:17  Marine x2  
  94  8:18  Marine  
  81  8:27  SCV x3, Siege Tank  
  81  8:31  Marine x2  
  86  8:34  Marine x2  
  86  8:35  Marine x2  
  83  8:42  Marine  
  83  8:44  SCV x2  
Show
View Real Time Build Order
Export as new Build Order

MikeHawk Terran - Winner!

Build Orders: Gas First Reaper Expand 

Get SALT Encoding   

  12  0:00  SCV  
  13  0:12  SCV  
  14  0:17  Supply Depot  
  14  0:24  SCV  
  15  0:34  Refinery  
  15  0:38  SCV  
  16  0:45  Barracks  
  16  0:50  SCV  
  17  1:03  SCV  
  18  1:15  SCV  
  19  1:32  Orbital Command, Reaper  
  20  1:47  Command Center  
  20  1:56  Factory  
  20  2:00  SCV  
  21  2:11  Barracks Reactor  
  21  2:12  SCV  
  21  2:14  Supply Depot  
  22  2:23  Refinery  
  22  2:24  SCV  
  23  2:36  SCV  
  23  2:44  Hellion  
  25  2:47  Marine  
  25  2:48  SCV, Marine  
  25  2:49  Starport  
  28  3:00  SCV  
  28  3:01  Orbital Command  
  29  3:06  Marine x2  
  29  3:07  Factory Tech Lab  
  31  3:13  SCV  
  32  3:24  Marine x2  
  32  3:25  SCV  
  32  3:27  SCV  
  36  3:37  Factory Tech Lab, SCV, Supply Depot  
  36  3:38  Raven  
  36  3:39  SCV  
  40  3:48  Marine x2  
  40  3:49  SCV  
  40  3:51  SCV  
  44  3:59  Cyclone  
  44  4:01  SCV, Supply Depot  
  48  4:03  SCV  
  51  4:13  SCV  
  51  4:15  SCV  
  51  4:20  Command Center  
  51  4:25  SCV  
  51  4:27  SCV  
  51  4:29  Barracks, Stimpack  
  53  4:34  Barracks  
  53  4:35  Starport Reactor  
  53  4:37  SCV  
  54  4:39  SCV  
  54  4:42  Marine  
  56  4:47  Siege Tank, Supply Depot  
  56  4:50  SCV  
  56  4:51  SCV  
  61  4:55  Supply Depot  
  61  5:01  Refinery x2  
  61  5:02  SCV  
  62  5:09  SCV  
  62  5:12  Engineering Bay  
  62  5:13  Engineering Bay  
  62  5:14  SCV  
  64  5:16  Marine  
  64  5:17  Marine  
  64  5:18  Marine  
  64  5:21  Siege Tank  
  70  5:24  SCV  
  70  5:25  Starport Reactor  
  70  5:26  SCV  
  72  5:29  Marine x2  
  72  5:35  Orbital Command  
  74  5:36  SCV  
  74  5:38  Marine x2  
  74  5:39  Marine  
  78  5:47  Marine  
  78  5:48  Terran Infantry Weapons Level 1, Terran Infantry Armor Level 1  
  78  5:49  SCV  
  80  5:50  SCV  
  80  5:52  Marine  
  80  5:53  Supply Depot  
  80  5:55  Marine x2  
  84  5:59  Siege Tank  
  84  6:03  Marine  
  86  6:05  Marine  
  86  6:08  Orbital Command  
  86  6:09  Supply Depot  
  86  6:10  SCV x2  
  89  6:14  Supply Depot, Medivac  
  91  6:18  Medivac  
  91  6:20  Combat Shield  
  91  6:24  SCV x2  
  95  6:29  Marine x3  
  95  6:30  Marine x2  
  100  6:33  SCV  
  100  6:36  SCV  
  100  6:39  SCV  
  102  6:44  Siege Tank  
  102  6:45  SCV  
  106  6:47  Marine  
  106  6:48  Supply Depot x2  
  106  6:49  SCV  
  106  6:50  Medivac  
  106  6:51  SCV, Medivac  
  113  6:56  Marine x3  
  113  6:57  SCV  
  117  7:03  Supply Depot  
  117  7:07  Supply Depot  
  117  7:09  Marine x2  
  117  7:10  SCV x2  
  117  7:12  SCV  
  117  7:13  Barracks, Marine  
  117  7:14  Barracks, Marine  
  124  7:18  Armory  
  124  7:20  Marine  
  124  7:22  SCV x2  
  127  7:25  Siege Tank  
  127  7:27  Marine x2  
  132  7:30  SCV, Refinery  
  132  7:31  Supply Depot, Refinery  
  132  7:32  Marine  
  132  7:33  Marine  
  132  7:34  SCV x2  
  137  7:39  Marine  
  138  7:45  Marine  
  138  7:48  Factory  
  138  7:50  Marine x2  
  141  7:56  Barracks Reactor  
  141  7:57  Marine  
  142  8:03  Marine  
  124  8:08  Marine x2  
  124  8:12  Barracks Reactor x2  
  108  8:13  Siege Tank, Medivac x2  
  108  8:15  Marine  
  108  8:17  Command Center  
  114  8:20  Marine  
  114  8:26  Marine x2  
  117  8:33  SCV x3, Marine  
  120  8:35  Marine x2  
  120  8:38  Marine  
Tags
 
Add a new tag
Caveats
  • Supply blocks, unpowered buildings, or Contaminate may cause inaccurate times.
  • Supply counts are checked every 10 seconds.